 Dungeon Crawl Stone Soup version 0.32-a0-705-g60f233581c (webtiles) character file.

Game seed: 4655310007432709221

8505 mopl the Cleaver (level 11, -30/95 HPs)
             Began as a Minotaur Fighter on Mar 14, 2024.
             Was a High Priest of Okawaru.
             Annihilated by Donald
             ... wielding a +1 vampiric demon trident
              (43 damage)
             ... on level 2 of the Orcish Mines.
             The game lasted 00:10:54 (8529 turns).

mopl the Cleaver (Minotaur Fighter)                 Turns: 8529, Time: 00:10:55

Health: -30/95     AC: 15    Str: 26    XL:     11   Next: 10%
Magic:  8/13       EV: 10    Int:  5    God:    Okawaru [*****.]
Gold:   460        SH:  5    Dex: 21    Spells: 10/10 levels left

rFire   + . .        a - +0 broad axe
rCold   . . .        c - +0 buckler
rNeg    . . .        B - +0 plate armour {rF+}
rPois   .            (helmet restricted)
rElec   .            (no cloak)
rCorr   .            v - +0 pair of gloves
SInv    .            (no boots)
Will    .....        (no amulet) Stlth
                     o - +6 ring of dexterity
HPRegen 0.35/turn    m - +6 ring of strength
MPRegen 0.13/turn

%: no passive effects
@: mighty, finesse-ful
A: horns 2, retaliatory headbutt
a: Renounce Religion, Heroism, Finesse, Duel


You were on level 2 of the Orcish Mines.
You worshipped Okawaru.
Okawaru was extremely pleased with you.
You visited 3 branches of the dungeon, and saw 12 of its levels.

You collected 908 gold pieces.
You spent 448 gold pieces at shops.

Inventory:

Hand Weapons
 a - a +0 broad axe (weapon)
 u - a +2 dagger of venom
 w - a +0 war axe
 M - a +0 battleaxe
Missiles
 q - 8 javelins
 E - 10 poisoned darts (quivered)
 I - a curare-tipped dart
 N - 5 boomerangs
Armour
 c - a +0 buckler (worn)
 r - a +1 ring mail of poison resistance
 v - a +0 pair of gloves (worn)
 B - a +0 plate armour of fire resistance (worn)
 J - a +0 kite shield
 K - +0 acid dragon scales
Jewellery
 m - a +6 ring of strength (right hand)
 o - a +6 ring of dexterity (left hand)
Wands
 s - a wand of warping (7)
 y - a wand of polymorph (6)
 D - a wand of digging (9)
 H - a wand of flame (16)
Scrolls
 b - 2 scrolls of silence {unknown}
 e - 2 scrolls of vulnerability {unknown}
 g - 7 scrolls of teleportation
 h - a scroll of amnesia {unknown}
 i - a scroll of brand weapon {unknown}
 j - 2 scrolls of enchant weapon {unknown}
 k - a scroll of poison {unknown}
 l - 4 scrolls of revelation {unknown}
 n - 7 scrolls of identify {unknown}
 F - a scroll of summoning {unknown}
 G - a scroll of blinking
Potions
 f - 2 potions of cancellation {unknown}
 p - 3 potions of curing
 x - a potion of enlightenment
 z - 2 potions of resistance
 A - a potion of berserk rage {unknown}
 C - a potion of heal wounds {unknown}
 L - a potion of brilliance {unknown}


   Skills:
 + Level 8.8 Fighting
 * Level 11.3 Axes
 + Level 5.3 Throwing
 + Level 8.8 Armour
 + Level 6.8 Dodging
 - Level 3.6 Shields
 + Level 5.0 Invocations
 + Level 4.6 Evocations


You had 10 spell levels left.
You didn't know any spells.
Your spell library contained the following spells:

 Spells                   Type           Power      Damage    Failure   Level
 Shock                    Conj/Air       0%         1d3       100%        1
 Cigotuvi's Dreadful Rot  Necr/Alch/Air  0%         N/A       100%        2
 Swiftness                Air            0%         N/A       100%        3
 Airstrike                Air            0%         2d(0-16)  100%        4
 Ignite Poison            Fire/Alch      0%         N/A       100%        4
 Passage of Golubria      Tloc           0%         N/A       100%        4
 Freezing Cloud           Conj/Ice/Air   0%         6-21      100%        5
 Yara's Violent Unravell  Hex/Alch       0%         3d3       100%        5
 Tukima's Dance           Hex            Unusable   N/A       N/A         3
 Animate Dead             Necr           Unusable   N/A       N/A         4
 Haunt                    Necr/Summ      Unusable   N/A       N/A         7
 Infestation              Necr           Unusable   N/A       N/A         8

Dungeon Overview and Level Annotations

Branches:
Dungeon (9/15)             Temple (1/1) D:5            Lair (0/5) D:8
    Orc (2/2) D:9             Elf (0/3) Orc:2

Altars:
Ashenzari
Cheibriados
Dithmenos
Elyvilon
Fedhas
Gozag
Hepliaklqana
Kikubaaqudgha
Makhleb
Nemelex Xobeh
Okawaru
Qazlal
Ru
Sif Muna
Trog
Uskayaw
Vehumet
Wu Jian
Xom
Yredelemnul
Zin
The Shining One

Shops:
D:2 *[!*   D:6 *=   Orc:1 ([

Annotations:
Orc:1 1 runed translucent door, Xaucix's ghost, journeyman KoBe
Orc:2 Donald


Innate Abilities, Weirdness & Mutations

You have a pair of horns on your head.
You reflexively headbutt those who attack you in melee.


Message History

Okay, then.
You can now deal lightning-fast blows.
Donald says, "How much finesse does it take to swing your arms real fast, anyway?"
Donald hits you with a +1 vampiric demon trident.
Donald draws strength from your wounds!
Donald says, "I hope I haven't come all this way for a glorified paperweight."
Donald hits you with a +1 vampiric demon trident.
Donald blocks your attack.
Your headbutt misses Donald.
Donald is moderately wounded.
Donald blocks your attack.
Donald is moderately wounded.
Donald hits you with a +1 vampiric demon trident!
Donald draws strength from your wounds!
You hit Donald but do no damage. Donald blocks your attack.
Donald is lightly wounded.
Donald barely misses you.
You hit Donald but do no damage. Your headbutt misses Donald.
Donald is lightly wounded.
You feel like a meek peon again. Donald blocks your attack.
You headbutt Donald, but do no damage.
Donald is lightly wounded.
You block Donald's attack.
You slash Donald! You headbutt Donald.
Donald is moderately wounded.
Donald hits you with a +1 vampiric demon trident!
* * * LOW HITPOINT WARNING * * *
Donald draws strength from your wounds!
Unknown command.
Okay, then.
Okay, then.
You feel very mighty all of a sudden.
Donald hits you with a +1 vampiric demon trident!
* * * LOW HITPOINT WARNING * * *
Donald draws strength from your wounds!
Okay, then.
You slash Donald! Donald blocks your attack.
Donald is moderately wounded.
Donald hits you with a +1 vampiric demon trident!!!
You die...
Donald says, "I won.
I... don't hate that."

............
..............
...............
...............
...........#...
...............#
........#..#....###
......^....##..@..##
..........#####.@..#
..##..#....#.###..##
..#...###.....#...#
..##.## #........##
..#### ##.#.#...#
.## ######.## ## ###
# ###


You could see Donald (fast, strong, reflecting).

Vanquished Creatures
  Erolcha (D:9)
  An orc sorcerer (Orc:2)
  An elephant (D:8)
  2 kobold blastminers (Orc:1)
  A komodo dragon (D:8)
  A hornet (D:7)
  A yak (D:8)
  2 wyverns (D:8)
  A wraith (D:9)
  A steam dragon (D:8)
  2 acid dragons
  4 water moccasins
  3 ice beasts
  11 orc warriors
  A sky beast (D:7)
  A black bear (D:8)
  4 ogres
  3 centaurs
  2 phantoms
  3 kobold brigands
  3 bullfrogs
  A gnoll sergeant (D:9)
  4 scorpions
  7 killer bees
  5 howler monkeys
  4 bombardier beetles
  4 hounds
  3 jellies
  4 orc priests
  2 gnoll boudas
  An iguana (D:5)
  Ijyb (D:3)
  Natasha (thrice) (D:3)
  10 orc wizards
  Terence (D:3)
  19 gnolls
  9 adders
  2 shadow imps (D:8)
  A white imp (D:6)
  4 ufetubi
  2 ribbon worms
  3 dart slugs (D:1)
  44 orcs
  2 ball pythons (D:2)
  7 bats
  3 endoplasms
  6 giant cockroaches
  4 hobgoblins
  2 jackals (D:5)
  3 quokkas (D:2)
  4 frilled lizards
  6 goblins
  24 kobolds
  13 rats
257 creatures vanquished.

Vanquished Creatures (others)
  An orc (D:8)
1 creature vanquished.

Grand Total: 258 creatures vanquished

Notes
Turn   | Place    | Note
-------+----------+-------------------------------------------
     0 | D:1      | mopl the Minotaur Fighter began the quest for the Orb.
     0 | D:1      | Reached XP level 1. HP: 19/19 MP: 0/0
    95 | D:1      | Reached XP level 2. HP: 27/27 MP: 1/1
   233 | D:1      | Reached skill level 3 in Axes
   486 | D:1      | Reached skill level 1 in Dodging
   730 | D:2      | Reached skill level 4 in Fighting
   733 | D:2      | Reached XP level 3. HP: 33/33 MP: 2/2
   738 | D:2      | Reached skill level 4 in Armour
   747 | D:2      | Reached XP level 4. HP: 15/40 MP: 3/3
   795 | D:2      | Found Ucyah's Assorted Antiques.
   803 | D:2      | Reached skill level 4 in Axes
   808 | D:2      | Bought a scroll labelled NOMAAT CEULOT for 21 gold pieces
   808 | D:2      | Bought a scroll labelled LIEDIN XIK ROS for 21 gold pieces
   808 | D:2      | Bought a scroll labelled WASMIBBIOL for 21 gold pieces
   818 | D:2      | Found Lulufuaby's Distillery.
   837 | D:2      | Found Muhur's General Store.
   876 | D:2      | Found a faded altar of an unknown god.
  1128 | D:2      | Found Ysorchazi's Antique Armour Boutique.
  1263 | D:2      | Bought a scroll labelled WASMIBBIOL for 21 gold pieces
  1279 | D:2      | Bought a potion of degeneration for 12 gold pieces
  1279 | D:2      | Bought a potion of curing for 36 gold pieces
  1313 | D:3      | Reached skill level 2 in Dodging
  1349 | D:3      | Found a hazy altar of Hepliaklqana.
  1433 | D:3      | Noticed Natasha
  1442 | D:3      | Killed Natasha
  1443 | D:3      | Reached XP level 5. HP: 32/47 MP: 4/4
  1530 | D:3      | Noticed Terence
  1539 | D:3      | Killed Terence
  1545 | D:3      | Noticed Natasha
  1595 | D:3      | Killed Natasha
  1666 | D:3      | Reached skill level 5 in Axes
  1697 | D:3      | Reached XP level 6. HP: 32/55 MP: 5/5
  1813 | D:3      | Noticed Natasha
  1816 | D:3      | Killed Natasha
  1955 | D:3      | Reached skill level 5 in Fighting
  1994 | D:3      | Noticed Ijyb
  1999 | D:3      | Killed Ijyb
  2000 | D:3      | Reached skill level 5 in Armour
  2207 | D:4      | Noticed a water moccasin
  2215 | D:4      | Killed a water moccasin
  2216 | D:4      | Reached skill level 3 in Dodging
  2293 | D:4      | Noticed a +0 spear
  2294 | D:4      | Noticed a +0 falchion
  2295 | D:4      | Noticed a +0 short sword
  2295 | D:4      | Noticed a +0 short sword
  2296 | D:4      | Noticed a +0 dagger
  2296 | D:4      | Noticed a +0 spear
  2296 | D:4      | Noticed a +0 dagger
  2297 | D:4      | Noticed a +0 falchion
  2298 | D:4      | Found a hide-covered altar of Uskayaw.
  2312 | D:4      | Reached skill level 6 in Axes
  2335 | D:4      | Reached XP level 7. HP: 60/61 MP: 6/6
  2955 | D:5      | Entered Level 5 of the Dungeon
  3073 | D:5      | Found a staircase to the Ecumenical Temple.
  3132 | D:5      | Found an opulent altar of Gozag.
  3181 | Temple   | Entered the Ecumenical Temple
  3200 | Temple   | Became a worshipper of Warmaster Okawaru
  3706 | D:2      | Bought a potion of enlightenment for 60 gold pieces
  3706 | D:2      | Bought a potion of resistance for 120 gold pieces
  3803 | D:6      | Reached skill level 7 in Axes
  3858 | D:6      | Found Torekuro's General Store.
  3863 | D:6      | Reached skill level 6 in Fighting
  3863 | D:6      | Reached skill level 1 in Throwing
  3863 | D:6      | Reached skill level 6 in Armour
  3863 | D:6      | Reached skill level 4 in Dodging
  3863 | D:6      | Reached skill level 1 in Invocations
  3863 | D:6      | Reached XP level 8. HP: 70/70 MP: 7/7
  3930 | D:6      | Reached skill level 1 in Evocations
  4009 | D:6      | Reached * piety under Okawaru
  4119 | D:6      | Found Ifuomoha's One-of-a-Kind Rings.
  4245 | D:6      | Reached skill level 2 in Throwing
  4245 | D:6      | Reached skill level 2 in Invocations
  4251 | D:6      | Found a glowing golden altar of the Shining One.
  4260 | D:6      | Reached skill level 8 in Axes
  4260 | D:6      | Reached skill level 2 in Evocations
  4318 | D:6      | Found a sacrificial altar of Ru.
  4474 | D:6      | Bought a scroll of teleportation for 39 gold pieces
  4491 | D:7      | Noticed a hornet
  4500 | D:7      | Killed a hornet
  4500 | D:7      | Reached ** piety under Okawaru
  4501 | D:7      | Reached XP level 9. HP: 30/78 MP: 6/9
  4508 | D:7      | Reached skill level 7 in Fighting
  4508 | D:7      | Reached skill level 5 in Dodging
  4702 | D:7      | Reached skill level 3 in Throwing
  4853 | D:7      | Reached skill level 7 in Armour
  4856 | D:7      | Reached skill level 3 in Invocations
  4862 | D:7      | Reached skill level 9 in Axes
  5367 | D:8      | Reached skill level 3 in Evocations
  5545 | D:2      | Bought a scroll of blinking for 97 gold pieces
  5672 | D:8      | Reached *** piety under Okawaru
  5968 | D:8      | Noticed a komodo dragon
  5982 | D:8      | Killed a komodo dragon
  6000 | D:8      | Noticed an elephant
  6009 | D:8      | Reached skill level 4 in Throwing
  6009 | D:8      | Reached XP level 10. HP: 64/88 MP: 11/11
  6011 | D:8      | Killed an elephant
  6149 | D:8      | Found a staircase to the Lair.
  6155 | D:8      | Reached **** piety under Okawaru
  6156 | D:8      | Reached skill level 10 in Axes
  6156 | D:8      | Reached skill level 4 in Invocations
  6273 | D:8      | Reached skill level 8 in Fighting
  6273 | D:8      | Reached skill level 6 in Dodging
  6767 | D:8      | Reached skill level 8 in Armour
  6934 | D:9      | Found a staircase to the Orcish Mines.
  7214 | D:9      | Found a basalt altar of Yredelemnul.
  7280 | D:9      | Reached skill level 4 in Evocations
  7453 | D:9      | Noticed Erolcha
  7463 | D:9      | Killed Erolcha
  7612 | D:9      | Found a snail-covered altar of Cheibriados.
  7695 | Orc:1    | Entered Level 1 of the Orcish Mines
  7746 | Orc:1    | Found a runed translucent door.
  7747 | Orc:1    | Found a shimmering altar of Xom.
  7747 | Orc:1    | Noticed Xaucix's ghost (journeyman KoBe)
  7747 | Orc:1    | Noticed a +1 mace of chaos
  7748 | Orc:1    | Found Ziquti's General Store.
  7761 | Orc:1    | Reached skill level 5 in Throwing
  7826 | Orc:1    | Noticed an animated pearl dragon scales
  7828 | Orc:1    | Found Naexolio's Armour Shop.
  7830 | Orc:1    | Noticed an animated storm dragon scales
  7843 | Orc:1    | Reached skill level 11 in Axes
  7876 | Orc:1    | Found Zizoivau's Weapon Shoppe.
  7902 | Orc:1    | Noticed a kobold blastminer
  7903 | Orc:1    | Noticed a kobold blastminer
  7912 | Orc:1    | Killed a kobold blastminer
  7912 | Orc:1    | Reached ***** piety under Okawaru
  7918 | Orc:1    | Killed a kobold blastminer
  7919 | Orc:1    | Reached XP level 11. HP: 44/95 MP: 13/13
  8042 | Orc:2    | Entered Level 2 of the Orcish Mines
  8065 | Orc:2    | Noticed an orc sorcerer
  8081 | Orc:2    | Killed an orc sorcerer
  8082 | Orc:2    | Reached skill level 5 in Invocations
  8461 | Orc:2    | Found a staircase to the Elven Halls.
  8506 | Orc:2    | Noticed Donald
  8529 | Orc:2    | Annihilated by Donald

Illustrated notes

Levels and vault maps discovered:
D:1:      dpeg_arrival_castle, layout_basic, serial_forest,
          infiniplex_forest_join, infiniplex_forest_clump_medium,
          infiniplex_forest_lined_corner, infiniplex_forest_clump_double,
          infiniplex_forest_clump_small
D:2:      layout_rooms, serial_shops, nicolae_shop_pleasant_corner_grove,
          nicolae_shop_tiny_waterfront, shop_coins, shop,
          shapermc_ecumenical_altar_rom_forum, minmay_rat_gold_closets
D:3:      layout_basic, mainiacjoe_overflow_tiny_flanked, uniq_terence,
          uniq_natasha, uniq_ijyb
D:4:      layout_gridville, nicolae_uskayaw_en_pointe, st_stairs_7
D:5:      layout_cave_pools, nicolae_gozag_seed_capital,
          lemuel_temple_firewalk_b
D:6:      layout_loops_cross, old_standard_altar,
          mainiacjoe_overflow_six_doors_small, serial_shops,
          nicolae_shop_window_shopping, nicolae_shop_unique_rings,
          nicolae_titane
D:7:      layout_rooms, moated_statue
D:8:      layout_cave_pods, grunt_lair_entry_orc_guard_hut
D:9:      layout_loops_cross, lemuel_round_altar, mainiacjoe_overflow_alcove_1,
          orc_0_dummy, uniq_erolcha
Temple:   nicolae_temple_bog_church
Orc:1:    layout_diamond_mine, ebering_ghost_xom, serial_shops, shop,
          nicolae_shop_mannequins, shop, nicolae_shop_hallway_stairs
Orc:2:    st_orc_elflike, layout_diamond_mine, serial_shops, shop,
          sword_in_stone, uniq_donald

Skill      XL: |  1  2  3  4  5  6  7  8  9 10 11 |
---------------+----------------------------------+-----
Axes           | 3 4 5 6 7 8 9 11 | 11.3
Dodging        | 1 2 3 4 5 6 |  6.8
Fighting       | 4 5 6 7 8 |  8.8
Armour         | 4 5 6 7 8 |  8.8
Throwing       | 1 2 4 5 |  5.3
Invocations    | 1 2 3 4 5 |  5.0
Evocations     | 2 3 4 |  4.6
Shields        | |  3.6

Action                     |  1- 3 |  4- 6 |  7- 9 | 10-12 || total
---------------------------+-------+-------+-------+-------++-------
  Melee: War axe           |    87 |   135 |    23 |       ||   245
         Headbutt          |    21 |    22 |    44 |    52 ||   139
         Broad axe         |       |       |   200 |   195 ||   395
  Throw: Dart              |       |       |     2 |     6 ||     8
 Invoke: Heroism           |       |       |     1 |     2 ||     3
         Finesse           |       |       |       |     1 ||     1
  Evoke: Wand              |       |       |       |     1 ||     1
    Use: Potion            |       |       |       |     1 ||     1
   Stab: Sleeping          |       |       |     1 |       ||     1
         Distracted        |       |       |       |     1 ||     1
 Armour: Scale mail        |    41 |    50 |       |       ||    91
         Ring mail         |       |    34 |   157 |    87 ||   278
         Plate armour      |       |       |       |    18 ||    18
  Dodge: Dodged            |    25 |    64 |   150 |   128 ||   367
  Block: Buckler           |    11 |    36 |    81 |    52 ||   180

Table legend: (Time is in decaauts)
 A = Elapsed time spent in this place.
 B = Non-inter-level travel time spent in this place.
 C = Inter-level travel time spent in this place.
 D = Time resting spent in this place.
 E = Time spent auto-exploring this place.
 F = Levels seen in this place.
 G = Mean time per level.
                   A        B        C        D        E       F      G
               +--------+--------+--------+--------+--------+-----+--------+
         Total |   8671 |   7722 |    949 |   1227 |   4939 |  12 |  722.6 |
       Dungeon |   7797 |   6902 |    895 |   1044 |   4539 |   9 |  866.3 |
        Temple |     38 |      1 |     37 |      0 |      0 |   1 |   38.0 |
  Orcish Mines |    834 |    818 |     16 |    183 |    400 |   2 |  417.0 |
               +--------+--------+--------+--------+--------+-----+--------+

Top non-repeatable levels by time:
     D:8: 1306 daAuts
     D:3: 1011 daAuts
     D:7: 909 daAuts
     D:4: 903 daAuts
     D:9: 848 daAuts
     D:1: 759 daAuts
     D:6: 740 daAuts
     D:5: 670 daAuts
     D:2: 648 daAuts
   Orc:2: 484 daAuts
   Orc:1: 350 daAuts
  Temple: 38 daAuts
